 Dungeon Crawl Stone Soup version 0.30-a0-149-g7f746667c4 (webtiles) character file.

Game seed: 15607287116034558862

1892 Armakuni the Gusty (level 9, -1/68 HPs)
             Began as a Human Artificer on Sept 26, 2022.
             Was a Follower of Vehumet.
             Slain by a killer bee (2 damage)
             ... on level 6 of the Dungeon.
             The game lasted 00:19:23 (8380 turns).

Armakuni the Gusty (Human Artificer)                Turns: 8380, Time: 00:19:24

Health: -1/68      AC:  4    Str: 12    XL:     9   Next: 37%
Magic:  18/18      EV: 14    Int: 16    God:    Vehumet [*.....]
Gold:   200        SH:  0    Dex: 20    Spells: 7/8 levels left

rFire   . . .      SeeInvis .    a - staff of air
rCold   . . .      Faith    .    (no shield)
rNeg    . . .      Spirit   .    z - +0 leather armour
rPois   .          Reflect  .    g - +0 helmet
rElec   +          Harm     .    y - scarf {repulsion}
rCorr   .          Rampage  .    (no gloves)
Will    .....                    (no boots)
Stlth   ++........               (no amulet)
HPRegen 0.21/turn                E - ring of Daffodils {rElec Dex+6}
MPRegen 0.16/turn                M - ring of magical power

@: lethally poisoned (-1 -> -21), about to teleport, repel missiles
A: no striking features
a: Renounce Religion


You were on level 6 of the Dungeon.
You worshipped Vehumet.
Vehumet was aware of your devotion.
You visited 2 branches of the dungeon, and saw 8 of its levels.

You collected 320 gold pieces.
You spent 120 gold pieces at shops.

Inventory:

Missiles
 p - a throwing net
Armour
 b - a +0 ring mail
 g - a +0 helmet (worn)
 y - a scarf of repulsion (worn)
 z - a +0 leather armour (worn)
Magical Staves
 a - a staff of air (weapon)
Jewellery
 w - a ring of magical power
 E - the ring of Daffodils (left hand) {rElec Dex+6}
   (You found it on level 2 of the Dungeon)

   [ring of dexterity]

   Dex:       It affects your dexterity (+6).
   rElec:     It insulates you from electricity.
 M - a ring of magical power (right hand)
Scrolls
 c - a scroll of immolation {unknown}
 d - 2 scrolls of noise
 i - a scroll of enchant armour
 j - a scroll of fear {unknown}
 m - a scroll of amnesia
 q - 3 scrolls of teleportation
 t - 3 scrolls of enchant weapon
 u - a scroll of brand weapon {unknown}
Potions
 e - a potion of magic {unknown}
 h - 3 potions of curing
 k - a potion of resistance
 o - 2 potions of might
 r - 2 potions of heal wounds
 s - a potion of degeneration {unknown}
 v - a potion of cancellation {unknown}


   Skills:
 - Level 5.0 Fighting
 - Level 5.0 Staves
 - Level 4.0 Armour
 - Level 5.0 Dodging
 - Level 1.0 Stealth
 + Level 5.1 Air Magic
 - Level 5.0 Evocations


You had 7 spell levels left.
You knew the following spells:

 Your Spells              Type           Power      Damage    Failure   Level
a - Apportation           Tloc           0%         N/A       32%         1

Your spell library contained the following spells:

 Spells                   Type           Power      Damage    Failure   Level
 Foxfire                  Conj/Fire      0%         2x1d4     32%         1
 Necrotise                Necr           0%         1d4       32%         1
 Summon Small Mammal      Summ           0%         N/A       32%         1
 Ensorcelled Hibernation  Hex/Ice        0%         N/A       43%         2
 Sublimation of Blood     Necr           0%         N/A       43%         2
 Wereblood                Tmut           0%         N/A       43%         2
 Portal Projectile        Hex/Tloc       0%         N/A       67%         3
 Spider Form              Tmut/Pois      0%         N/A       67%         3
 Tukima's Dance           Hex            0%         N/A       67%         3
 Anguish                  Hex/Necr       0%         N/A       97%         4
 Blade Hands              Tmut           0%         N/A       100%        5
 Summon Hydra             Summ           0%         N/A       100%        7


Dungeon Overview and Level Annotations

Branches:
Dungeon (7/15)             Temple (1/1) D:5

Altars:
Cheibriados
Dithmenos
Elyvilon
Fedhas
Gozag
Hepliaklqana
Kikubaaqudgha
Makhleb
Nemelex Xobeh
Ru
Trog
Uskayaw
Vehumet
Wu Jian
Xom
Yredelemnul
Zin

Shops:
D:4 ::[*[   D:6 *

Annotations:
Temple 4 transporters


Message History

The killer bee barely misses you.
You feel sick. The killer bee closely misses you.
The killer bee stings you but does no damage.
The killer bee stings you.
There is a stone staircase leading up here.
You feel sick. The killer bee stings you.
You are more poisoned.
The killer bee poisons you! The killer bee barely misses you.
The killer bee closely misses you. The killer bee stings you.
You are more poisoned.
The killer bee poisons you! The killer bee misses you.
The killer bee stings you.
You climb upwards.
You feel extremely sick.
There is a stone staircase leading down here.
As you read the scroll of teleportation, it crumbles to dust.
You feel strangely unstable.
You feel very sick. The killer bee closely misses you.
The killer bee stings you. x2
You are more poisoned.
The killer bee poisons you! The killer bee closely misses you.
The killer bee stings you but does no damage.
The killer bee stings you.
* * * LOW HITPOINT WARNING * * *
You are more poisoned.
The killer bee poisons you!
The killer bee attacks as you move away!
The killer bee stings you.
* * * LOW HITPOINT WARNING * * *
x2 You feel extremely sick.
The killer bee stings you but does no damage.
The killer bee closely misses you. The killer bee completely misses you.
The killer bee attacks as you move away!
The killer bee closely misses you.
The killer bee attacks as you move away!
The killer bee stings you!
* * * LOW HITPOINT WARNING * * *
x2 You feel very sick.
The killer bee stings you.
You die...

#.....# #.....#### #.....#
##........# ##########
#.....######.........###.........
##...................##..........
#...#####........####...........
##..#####...)......)............
###(.....#8.........##...........
..<#.###.........y...............
##...#..8.∩.8...@y...#...........
##....##.<.....y....##..........
##......8.......>.###..........
#............#...####.####..###
##.........##########..#####.###
#...##.....#### #......##....
##...#.........# ####.####......#
...............# #...........(###
#..##.......♣..###.............##


You could see 3 killer bees.

Vanquished Creatures
  Duvessa (D:4)
  A water moccasin (D:6)
  2 black bears
  4 ogres
  2 necrophages (D:5)
  2 scorpions (D:4)
  Dowan (D:4)
  A howler monkey (D:5)
  A jelly (D:4)
  A gnoll bouda (D:6)
  4 hounds
  Jessica (D:2)
  3 iguanas
  Natasha (twice) (D:2)
  An orc wizard (D:7)
  Robin (D:2)
  3 adders
  6 gnolls
  2 ufetubi
  2 dart slugs
  10 orcs
  2 bat zombies (D:3)
  8 endoplasms
  5 giant cockroaches
  3 hobgoblins
  8 jackals
  2 quokkas
  5 ball pythons
  7 bats
  A frilled lizard (D:1)
  11 goblins
  3 kobolds
  5 rats
  2 rat zombies (D:3)
113 creatures vanquished.

Vanquished Creatures (collateral kills)
  Prince Ribbit (D:6)
  A sky beast (D:6)
  A bullfrog (D:6)
  A gnoll (D:4)
  An adder (D:5)
  A giant cockroach (D:4)
  5 goblins (D:2)
  2 hobgoblins
  A kobold (D:4)
14 creatures vanquished.

Vanquished Creatures (others)
  A scorpion (D:6)
  An iguana (D:5)
  2 hobgoblins (D:1)
4 creatures vanquished.

Grand Total: 131 creatures vanquished

Notes
Turn   | Place    | Note
-------+----------+-------------------------------------------
     0 | D:1      | Armakuni the Human Artificer began the quest for the Orb.
     0 | D:1      | Reached XP level 1. HP: 15/15 MP: 1/1
   194 | D:1      | Found a faded altar of an unknown god.
   197 | D:2      | Noticed Robin
   345 | D:1      | Reached XP level 2. HP: 15/21 MP: 2/2
   350 | D:1      | Learned a level 1 spell: Apportation
   620 | D:2      | Identified the ring of Daffodils {rElec Dex+6}
   651 | D:2      | Reached XP level 3. HP: 26/27 MP: 3/3
   669 | D:2      | Killed Robin
   998 | D:3      | Found a glowing silver altar of Zin.
  1015 | D:5      | Entered Level 5 of the Dungeon
  1045 | D:4      | Reached XP level 4. HP: 34/34 MP: 4/4
  1139 | D:4      | Noticed a necrophage
  1168 | D:5      | Found a shadowy altar of Dithmenos.
  1185 | D:5      | Killed a necrophage
  1186 | D:5      | Reached XP level 5. HP: 40/41 MP: 5/5
  1211 | D:5      | Found a sacrificial altar of Ru.
  1403 | D:6      | Found a bloodstained altar of Trog.
  1412 | D:6      | Found an opulent altar of Gozag.
  1442 | D:6      | Noticed an ogre
  1588 | D:5      | Noticed an ogre
  1592 | D:5      | Killed an ogre
  1593 | D:5      | Reached skill level 5 in Evocations
  1593 | D:5      | Reached XP level 6. HP: 48/48 MP: 6/6
  2155 | D:5      | Found a staircase to the Ecumenical Temple.
  2176 | Temple   | Entered the Ecumenical Temple
  2176 | Temple   | Found a transporter.
  2176 | Temple   | Found a transporter.
  2219 | Temple   | Found a transporter.
  2219 | Temple   | Found a transporter.
  2235 | Temple   | Became a worshipper of Vehumet
  2338 | D:4      | Found Urho's Armour Boutique.
  2571 | D:4      | Reached skill level 5 in Fighting
  2601 | D:4      | Found Kiumon's Armour Shop.
  2628 | D:4      | Reached XP level 7. HP: 41/56 MP: 7/7
  2902 | D:4      | Found Guzoh's Assorted Antiques.
  2999 | D:2      | Noticed Jessica
  3002 | D:2      | Killed Jessica
  4435 | D:1      | Reached * piety under Vehumet
  4435 | D:1      | Offered knowledge of Foxfire by Vehumet.
  4559 | D:3      | Noticed Natasha
  4590 | D:2      | Killed Natasha
  4771 | D:2      | Noticed Natasha
  4778 | D:2      | Killed Natasha
  5029 | D:3      | Found an ancient bone altar of Kikubaaqudgha.
  5608 | D:4      | Found Epryozx Weynn's Book Shop.
  5651 | D:4      | Reached skill level 5 in Dodging
  5651 | D:4      | Reached XP level 8. HP: 61/62 MP: 8/8
  5683 | D:4      | Noticed Duvessa
  5688 | D:4      | Killed Duvessa
  5736 | D:4      | Bought a scarf of repulsion for 120 gold pieces
  5757 | D:4      | Noticed Dowan
  5760 | D:4      | Killed Dowan
  5965 | D:4      | Found Hafats Dyask's Book Shoppe.
  6122 | D:4      | Reached skill level 1 in Staves
  6875 | D:5      | Found a white marble altar of Elyvilon.
  7402 | D:6      | Reached skill level 5 in Staves
  7402 | D:6      | Reached XP level 9. HP: 68/68 MP: 9/9
  7421 | D:6      | Noticed Prince Ribbit
  7432 | D:6      | Killed Prince Ribbit
  8013 | D:6      | Found Katesum's General Store.
  8203 | D:7      | Reached skill level 5 in Air Magic
  8380 | D:6      | HP: 1/68 [poisoned by a killer bee]
  8380 | D:6      | Slain by a killer bee

Illustrated notes

Levels and vault maps discovered:
D:1:      heliophobic_arrival_dark_side_of_the_moon, layout_basic,
          ebering_ecumenical_altar_webs
D:2:      layout_basic, uniq_jessica, uniq_robin
D:3:      layout_loops_ring, lemuel_zombie_altar_kikubaaqudgha, zin_statuary,
          dk_noncrumbling_4, serial_bayou_pond_e,
          nicolae_kite_square_tiling_tiny, minmay_misc_feat_chi, uniq_natasha
D:4:      layout_basic, serial_shops, shop, nicolae_shop_trees, shop_fountains,
          nicolae_lakefront_shop, nicolae_diamond_shop, uniq_duvessa
D:5:      layout_basic, general_overflow_altar,
          mainiacjoe_overflow_catch_the_wave, minmay_temple_entry_trees
D:6:      layout_rooms, trog_three_pillars_becter, nicolae_gozag_seed_capital,
          serial_shops, nicolae_shop_statue_plus, chequers_mini_garden,
          uniq_prince_ribbit1
D:7:      layout_basic
Temple:   hellmonk_temple_divided_pantheon

Skill      XL: |  1  2  3  4  5  6  7  8  9 |
---------------+----------------------------+-----
Fighting       | 2 3 4 5 |  5.0
Evocations     | 4 5 |  5.0
Dodging        | 2 5 |  5.0
Armour         | 4 |  4.0
Staves         | 5 |  5.0
Air Magic      | 5 |  5.1
Stealth        | |  1.0

Action                   |  1- 3 |  4- 6 |  7- 9 || total
-------------------------+-------+-------+-------++-------
Melee: Club              |    46 |       |       ||    46
       Falchion          |    10 |    72 |   169 ||   251
       Punch             |       |     4 |     3 ||     7
       Staff             |       |       |    78 ||    78
Evoke: Wand              |     9 |    20 |    16 ||    45
  Use: Scroll            |       |     6 |     6 ||    12
       Potion            |       |       |     7 ||     7
 Stab: Sleeping          |     1 |     2 |     4 ||     7
       Distracted        |     1 |       |       ||     1
Armor: Leather armour    |    14 |    33 |    76 ||   123
       Skin              |       |       |    33 ||    33
Dodge: Dodged            |    44 |    75 |   235 ||   354
       Repelled          |       |       |     1 ||     1

Table legend: (Time is in decaauts)
 A = Elapsed time spent in this place.
 B = Non-inter-level travel time spent in this place.
 C = Inter-level travel time spent in this place.
 D = Time resting spent in this place.
 E = Time spent auto-exploring this place.
 F = Levels seen in this place.
 G = Mean time per level.
                   A        B        C        D        E       F      G
               +--------+--------+--------+--------+--------+-----+--------+
         Total |   8460 |   8134 |    326 |   2176 |   4122 |   8 | 1057.5 |
       Dungeon |   8382 |   8073 |    309 |   2176 |   4075 |   7 | 1197.4 |
        Temple |     77 |     60 |     17 |      0 |     47 |   1 |   77.0 |
               +--------+--------+--------+--------+--------+-----+--------+

Top non-repeatable levels by time:
     D:5: 1806 daAuts
     D:4: 1761 daAuts
     D:1: 1477 daAuts
     D:2: 1474 daAuts
     D:6: 946 daAuts
     D:3: 685 daAuts
     D:7: 230 daAuts
  Temple: 77 daAuts
